 Dungeon Crawl Stone Soup version 0.29.0-4-gdea44cf6ec (webtiles) character file.

Game seed: 1921449503247602862

27010 qw the Severer (level 13, -4/106 HPs)
             Began as a Formicid Cinder Acolyte on Sept 3, 2022.
             Was a Priest of Okawaru.
             Slain by an ettin
             ... wielding a +0 dire flail
              (32 damage)
             ... on level 15 of the Dungeon.
             The game lasted 00:09:00 (15032 turns).

qw the Severer (Formicid Cinder Acolyte)           Turns: 15032, Time: 00:09:00

Health: -4/106     AC: 22    Str: 31    XL:     13   Next: 62%
Magic:  15/16      EV: 10    Int: 13    God:    Okawaru [***...]
Gold:   330        SH: 12    Dex:  9    Spells: 14/14 levels left

rFire   + . .      SeeInvis +   Y - +1 battleaxe (freeze)
rCold   . . .      Faith    .   s - +0 buckler
rNeg    . . .      Spirit   .   f - +2 plate armour {rPois}
rPois   +          Reflect  +   (helmet unavailable)
rElec   .          Harm     .   (no cloak)
rCorr   +          Rampage  .   m - +0 pair of gloves
Will    +....                   p - +1 pair of boots
Stlth   ..........              r - amulet of reflection
HPRegen 0.27/turn               n - ring of Xom's Fair Game {Wiz rF+ rCorr}
MPRegen 0.15/turn               k - +6 ring of strength

@: heroic
A: permanent stasis, dig shafts and tunnels, antennae 3, four strong arms
a: Dig, Shaft Self, Renounce Religion, Heroism


You were on level 15 of the Dungeon.
You worshipped Okawaru.
Okawaru was most pleased with you.
You visited 2 branches of the dungeon, and saw 14 of its levels.

You collected 765 gold pieces.
You spent 435 gold pieces at shops.


Innate Abilities, Weirdness & Mutations

You cannot be hasted, slowed, berserked, paralysed or teleported.
You can dig through walls and to a lower floor.
You have a pair of large antennae on your head. (SInv)
Your four strong arms can wield two-handed weapons with a shield.


   Skills:
 - Level 11.1(16.1) Fighting
 - Level 16.0(21.0) Axes
 - Level 1.4(6.4) Throwing
 + Level 9.3(14.3) Armour
 - Level 3.1(8.1) Dodging
 - Level 8.9(13.9) Shields
 - Level 1.1 Spellcasting
 - Level 3.0 Fire Magic
 - Level 4.3 Invocations


You had 14 spell levels left.
You didn't know any spells.
Your spell library contained the following spells:

 Spells                   Type           Power      Damage    Failure   Level
 Scorch                   Fire           16%        2d6       28%         2

Inventory:

Hand Weapons
 c - a +4 hand axe of flaming
 Y - a +1 battleaxe of freezing (weapon)
Armour
 f - a +2 plate armour of poison resistance (worn)
 m - a +0 pair of gloves (worn)
 p - a +1 pair of boots (worn)
 s - a +0 buckler (worn)
Jewellery
 g - a ring of poison resistance
 h - a ring of positive energy
 i - a +6 ring of intelligence
 k - a +6 ring of strength (right hand)
 n - the ring of Xom's Fair Game (left hand) {Wiz rF+ rCorr}
   (You found it on level 11 of the Dungeon)

   [ring of wizardry]

   It improves your spell success rate.
   rF:        It protects you from fire.
   rCorr:     It protects you from acid and corrosion.
 r - an amulet of reflection (around neck)
Scrolls
 b - 4 scrolls of identify
Potions
 a - 6 potions of heal wounds
 d - a potion of haste
 e - a potion of magic
 j - 5 potions of curing
 l - 3 potions of might
 q - 2 potions of mutation

Dungeon Overview and Level Annotations

Branches:
Dungeon (14/15)            Temple (1/1) D:6            Lair (0/5) D:11
    Orc: D:9-12      Vaults: D:13-14

Altars:
Ashenzari
Cheibriados
Dithmenos
Fedhas
Gozag
Hepliaklqana
Makhleb
Okawaru
Qazlal
Ru
Sif Muna
Trog
Vehumet
Wu Jian
Xom
Yredelemnul
Zin

Shops:
D:8 *

Annotations:
D:8 1 runed translucent door


Message History

An ettin comes into view.
It is wielding a +0 dire flail and a +1 dire flail of protection.
15023 ||| Stepping ~*~*~tactically~*~*~ (stealth).
A deep troll comes into view.
15024 ||| INVOKING Heroism.
You gain the combat prowess of a mighty hero.
You hit the deep troll but do no damage.
The deep troll bites you. The deep troll completely misses you.
The deep troll claws you but does no damage.
You slice the deep troll!! You freeze the deep troll!
The deep troll is severely wounded.
You hear a shout!
The tengu conjurer mumbles some strange words.
The tengu conjurer conjures a globe of magical energy!
The deep troll bites you! The deep troll claws you!
The deep troll claws you but does no damage.
You hear a shout!
A battlesphere comes into view.
You slice the deep troll!! You freeze the deep troll.
You kill the deep troll!
Okawaru accepts your kill.
The troll leather armour is intact enough to wear.
You hit the ettin but do no damage. You slice the ettin!! You freeze the ettin!
The ettin is heavily wounded.
You block the ettin's attack. x2
You hit the ettin. You freeze the ettin.
The ettin is heavily wounded.
The ettin hits you with a +0 dire flail!
The ettin hits you with a +1 dire flail of protection.
You hit the ettin. You freeze the ettin.
The ettin is heavily wounded.
The ettin hits you with a +0 dire flail!!
The ettin closely misses you.
You barely miss the ettin.
The ettin is heavily wounded.
You slash the ettin! You freeze the ettin.
The ettin is almost dead.
The ettin hits you with a +0 dire flail!
The ettin hits you with a +1 dire flail of protection!!
You die...

##### o# .# ##.## ..#
.#.. .. # ..C .. #. .. #.
#..#.#. #.Q{{Q#
##############C#
#.......#....@[#.
#.......#.............
#.......'.............
####.......#..........##.
...#.......#..........#
...#.......#.....####+#
...#.......#.....#
...#.......#......#
'###.......#......#


You could see an ettin and a tengu conjurer.

Vanquished Creatures
  Josephine (D:10)
  A hydra (D:9)
  3 centaur warriors
  A boulder beetle (D:9)
  An ogre mage (D:15)
  6 two-headed ogres
  A deep troll (D:15)
  6 ugly things
  A shining eye (shapeshifter) (D:9)
  2 cyclopes
  Joseph (D:8)
  A komodo dragon (D:11)
  Psyche (D:8)
  Maggie (D:8)
  A troll (D:10)
  A troll (shapeshifter) (D:9)
  A hornet (D:9)
  A slime creature (D:9)
  3 shadows
  A wyvern (D:7)
  7 wraiths
  12 fire elementals
  17 fire bats (D:8)
  25 yaks
  An unseen horror simulacrum (D:9)
  4 vampire mosquitoes
  A basilisk (D:9)
  A water moccasin (D:7)
  3 orc warriors (D:9)
  An ice beast (D:6)
  A sky beast (D:7)
  2 boggarts (D:9)
  4 ogres
  3 centaurs
  3 kobold brigands
  2 bullfrogs
  2 gnoll sergeants
  A necrophage (D:6)
  4 scorpions
  14 wights
  14 killer bees
  8 howler monkeys
  5 orc priests
  A gnoll bouda (D:6)
  7 hounds
  A jelly (D:5)
  6 iguanas
  13 orc wizards
  Robin (D:2)
  18 gnolls
  9 adders
  2 white imps (D:6)
  An ufetubus (D:5)
  A worm (D:3)
  A dart slug (D:5)
  33 orcs
  9 ball pythons
  8 endoplasms
  4 giant cockroaches
  13 hobgoblins
  17 kobolds
  A quokka (D:2)
  76 bats
  5 frilled lizards
  14 goblins
  6 rats
417 creatures vanquished.

Vanquished Creatures (others)
  8 plants (D:11)
8 creatures vanquished.

Grand Total: 425 creatures vanquished

Notes
Turn   | Place    | Note
-------+----------+-------------------------------------------
     0 | D:1      | qw the Formicid Cinder Acolyte began the quest for the Orb.
     0 | D:1      | Reached XP level 1. HP: 18/18 MP: 2/2
     0 | D:1      | 0 ||| qw: Version: 0.1-a-102-g441f92d
     0 | D:1      | 0 ||| qw: Game counter: 5195
     0 | D:1      | 0 ||| qw: Always use a shield: true
     0 | D:1      | 0 ||| qw: God list: Okawaru
     0 | D:1      | 0 ||| qw: Allow faded altars: false
     0 | D:1      | 0 ||| qw: Do Orc after D:15 true
     0 | D:1      | 0 ||| qw: Do second Lair branch before Depths: true
     0 | D:1      | 0 ||| qw: Lair rune preference: random
     0 | D:1      | 0 ||| qw: Plans: Normal
     0 | D:1      | 0 ||| PLANNING D:1-11
   209 | D:1      | Reached XP level 2. HP: 24/24 MP: 3/3
   285 | D:1      | 285 ||| Stepping ~*~*~tactically~*~*~ (stealth).
   286 | D:1      | 286 ||| Stepping ~*~*~tactically~*~*~ (stealth).
   745 | D:1      | 745 ||| Stepping ~*~*~tactically~*~*~ (stealth).
   748 | D:1      | 748 ||| Stepping ~*~*~tactically~*~*~ (stealth).
   778 | D:1      | 778 ||| Stepping ~*~*~tactically~*~*~ (stealth).
   782 | D:1      | 782 ||| Stepping ~*~*~tactically~*~*~ (stealth).
   912 | D:1      | 912 ||| INVOKING Fiery Armour.
   913 | D:1      | Reached skill level 4 in Axes
   913 | D:1      | Reached XP level 3. HP: 12/29 MP: 4/4
  1703 | D:1      | 1703 ||| UPGRADING to +0 pair of boots.
  1708 | D:1      | 1708 ||| UPGRADING to +0 scale mail.
  1718 | D:1      | 1718 ||| DROPPING +0 robe.
  1719 | D:1      | 1719 ||| UPGRADING to ring of positive energy.
  1720 | D:1      | 1720 ||| DROPPING ring of flight.
  1721 | D:1      | 1721 ||| READING scroll labelled ZICEYQ QARGHUIT.
  1722 | D:1      | 1722 ||| READING scroll labelled VAICAM RULE.
  1723 | D:1      | 1723 ||| READING scroll labelled XYNOLI TU QOX.
  1724 | D:1      | 1724 ||| READING 3 scrolls labelled POJ YREOWYCOGG.
  1725 | D:1      | 1725 ||| READING 2 scrolls of enchant weapon.
  1725 | D:1      | 1725 ||| ENCHANTING +0 hand axe of flaming.
  1726 | D:1      | 1726 ||| READING scroll of enchant weapon.
  1726 | D:1      | 1726 ||| ENCHANTING +1 hand axe of flaming.
  1727 | D:1      | 1727 ||| READING scroll labelled JEAJEYCKUL.
  1771 | D:2      | 1771 ||| Stepping ~*~*~tactically~*~*~ (stealth).
  1775 | D:2      | 1775 ||| Stepping ~*~*~tactically~*~*~ (stealth).
  1776 | D:2      | 1776 ||| Stepping ~*~*~tactically~*~*~ (stealth).
  1779 | D:2      | 1779 ||| FLEEEEING.
  1780 | D:2      | 1780 ||| FLEEEEING.
  1781 | D:2      | 1781 ||| FLEEEEING.
  1783 | D:2      | 1783 ||| FLEEEEING.
  1784 | D:2      | 1784 ||| FLEEEEING.
  1785 | D:2      | 1785 ||| STAIRDANCE
  1816 | D:2      | 1816 ||| STAIRDANCE
  1824 | D:1      | Reached skill level 1 in Armour
  1888 | D:2      | Found a faded altar of an unknown god.
  1984 | D:2      | Reached XP level 4. HP: 34/35 MP: 5/5
  2002 | D:2      | 2002 ||| READING 2 scrolls of enchant weapon.
  2002 | D:2      | 2002 ||| ENCHANTING +2 hand axe of flaming.
  2003 | D:2      | 2003 ||| READING scroll of enchant weapon.
  2003 | D:2      | 2003 ||| ENCHANTING +3 hand axe of flaming.
  2023 | D:2      | 2023 ||| Stepping ~*~*~tactically~*~*~ (stealth).
  2025 | D:2      | 2025 ||| Stepping ~*~*~tactically~*~*~ (stealth).
  2027 | D:2      | 2027 ||| Stepping ~*~*~tactically~*~*~ (stealth).
  2048 | D:2      | 2048 ||| Stepping ~*~*~tactically~*~*~ (stealth).
  2095 | D:2      | Noticed Robin
  2096 | D:2      | 2096 ||| FLEEEEING.
  2112 | D:2      | 2112 ||| FLEEEEING.
  2113 | D:2      | 2113 ||| FLEEEEING.
  2114 | D:2      | 2114 ||| FLEEEEING.
  2121 | D:2      | 2121 ||| STAIRDANCE
  2125 | D:1      | 2125 ||| READING scroll labelled KAROR KYPREYMM.
  2138 | D:2      | 2138 ||| Stepping ~*~*~tactically~*~*~ (hiding).
  2149 | D:2      | Killed Robin
  2258 | D:2      | 2258 ||| Stepping ~*~*~tactically~*~*~ (stealth).
  2285 | D:2      | 2285 ||| Stepping ~*~*~tactically~*~*~ (stealth).
  2286 | D:2      | 2286 ||| Stepping ~*~*~tactically~*~*~ (stealth).
  2303 | D:2      | Reached skill level 5 in Axes
  2303 | D:2      | Reached XP level 5. HP: 39/41 MP: 6/6
  2354 | D:2      | Reached skill level 1 in Dodging
  2794 | D:2      | 2794 ||| UPGRADING to ring of resist corrosion.
  2795 | D:2      | 2795 ||| UPGRADING to ring of poison resistance.
  2797 | D:2      | 2797 ||| DRINKING 2 amethyst potions.
  2798 | D:2      | 2798 ||| READING 2 scrolls of identify.
  2798 | D:2      | 2798 ||| IDENTIFYING bubbling cyan potion
  3080 | D:3      | 3080 ||| DRINKING 2 potions of curing.
  3080 | D:3      | 3080 ||| (to cure confusion)
  3082 | D:3      | 3082 ||| INVOKING Fiery Armour.
  3083 | D:3      | 3083 ||| DRINKING potion of curing.
  3083 | D:3      | 3083 ||| (to cure confusion)
  3088 | D:3      | Reached skill level 6 in Axes
  3088 | D:3      | Reached XP level 6. HP: 44/47 MP: 7/7
  3307 | D:3      | 3307 ||| Stepping ~*~*~tactically~*~*~ (hiding).
  3323 | D:3      | 3323 ||| Stepping ~*~*~tactically~*~*~ (stealth).
  3406 | D:3      | 3406 ||| UPGRADING to +0 chain mail.
  3416 | D:3      | 3416 ||| DROPPING +0 scale mail.
  3417 | D:3      | 3417 ||| UPGRADING to +6 ring of strength.
  3419 | D:3      | 3419 ||| READING scroll labelled RAIL ZUALE.
  3420 | D:3      | 3420 ||| DRINKING 3 green potions.
  3421 | D:3      | 3421 ||| DRINKING 3 ruby potions.
  3422 | D:3      | 3422 ||| READING 2 scrolls of identify.
  3422 | D:3      | 3422 ||| IDENTIFYING orange potion
  3423 | D:3      | 3423 ||| DROPPING 2 potions of flight.
  3512 | D:4      | 3512 ||| INVOKING Fiery Armour.
  3820 | D:4      | 3820 ||| Stepping ~*~*~tactically~*~*~ (stealth).
  3826 | D:4      | Reached XP level 7. HP: 54/54 MP: 8/8
  3831 | D:4      | 3831 ||| Stepping ~*~*~tactically~*~*~ (stealth).
  3834 | D:4      | 3834 ||| Stepping ~*~*~tactically~*~*~ (stealth).
  3836 | D:4      | 3836 ||| Stepping ~*~*~tactically~*~*~ (stealth).
  3839 | D:4      | 3839 ||| Stepping ~*~*~tactically~*~*~ (stealth).
  3840 | D:4      | 3840 ||| Stepping ~*~*~tactically~*~*~ (stealth).
  3872 | D:4      | 3872 ||| Stepping ~*~*~tactically~*~*~ (stealth).
  3887 | D:4      | Identified the +0 hat "Catrabb" {Int+2}
  4018 | D:4      | 4018 ||| FLEEEEING.
  4151 | D:4      | 4151 ||| Stepping ~*~*~tactically~*~*~ (stealth).
  4152 | D:4      | 4152 ||| Stepping ~*~*~tactically~*~*~ (stealth).
  4161 | D:4      | Reached skill level 7 in Axes
  4303 | D:4      | 4303 ||| Stepping ~*~*~tactically~*~*~ (hiding).
  4304 | D:4      | 4304 ||| Stepping ~*~*~tactically~*~*~ (hiding).
  4314 | D:4      | Reached skill level 3 in Armour
  4635 | D:4      | Found a bloodstained altar of Trog.
  4639 | D:4      | Found an opulent altar of Gozag.
  4642 | D:4      | Found a hazy altar of Hepliaklqana.
  4756 | D:4      | 4756 ||| UPGRADING to +0 pair of gloves.
  4761 | D:4      | 4761 ||| UPGRADING to +1 pair of boots.
  4771 | D:4      | 4771 ||| DROPPING +0 pair of boots.
  4772 | D:4      | 4772 ||| UPGRADING to +0 buckler.
  4777 | D:4      | 4777 ||| READING scroll labelled ADWIRA HUXT.
  4778 | D:4      | 4778 ||| READING 2 scrolls labelled XOWER AFOOME.
  4779 | D:4      | 4779 ||| READING scroll labelled SEIPHIGUEDGH.
  4780 | D:4      | 4780 ||| DRINKING 2 bubbling sapphire potions.
  4829 | D:4      | 4829 ||| READING 3 scrolls of identify.
  4829 | D:4      | 4829 ||| IDENTIFYING metallic purple potion
  4830 | D:4      | 4830 ||| READING 2 scrolls of identify.
  4830 | D:4      | 4830 ||| IDENTIFYING metallic red potion
  4831 | D:4      | 4831 ||| DROPPING potion of berserk rage.
  4832 | D:4      | 4832 ||| DROPPING potion of ambrosia.
  4833 | D:4      | 4833 ||| DROPPING scroll of magic mapping.
  4834 | D:4      | 4834 ||| DROPPING potion of lignification.
  4855 | D:5      | Entered Level 5 of the Dungeon
  4857 | D:5      | 4857 ||| Stepping ~*~*~tactically~*~*~ (hiding).
  4869 | D:5      | Reached skill level 3 in Shields
  4869 | D:5      | Reached XP level 8. HP: 49/60 MP: 9/9
  5242 | D:5      | Reached skill level 8 in Axes
  5335 | D:5      | 5335 ||| SWAPPING to +0 war axe.
  5432 | D:5      | Reached skill level 1 in Throwing
  5505 | D:5      | 5505 ||| READING scroll labelled BEOQIW ETSA.
  5523 | D:6      | 5523 ||| STAIRDANCE
  5819 | D:6      | 5819 ||| FLEEEEING.
  5820 | D:6      | 5820 ||| FLEEEEING.
  5821 | D:6      | 5821 ||| FLEEEEING.
  5822 | D:6      | 5822 ||| FLEEEEING.
  5823 | D:6      | 5823 ||| FLEEEEING.
  5824 | D:6      | 5824 ||| FLEEEEING.
  5826 | D:6      | 5826 ||| Stepping ~*~*~tactically~*~*~ (hiding).
  5830 | D:6      | 5830 ||| INVOKING Fiery Armour.
  6129 | D:6      | Reached XP level 9. HP: 68/68 MP: 10/10
  6208 | D:6      | Found a staircase to the Ecumenical Temple.
  6294 | D:6      | 6294 ||| INVOKING Fiery Armour.
  6298 | D:6      | Reached skill level 9 in Axes
  6669 | D:6      | 6669 ||| DROPPING ring of wizardry.
  6670 | D:6      | 6670 ||| READING 6 scrolls of identify.
  6670 | D:6      | 6670 ||| IDENTIFYING smoky orange potion
  6671 | D:6      | 6671 ||| DROPPING potion of degeneration.
  6869 | D:7      | 6869 ||| Stepping ~*~*~tactically~*~*~ (stealth).
  6875 | D:7      | 6875 ||| Stepping ~*~*~tactically~*~*~ (stealth).
  6883 | D:7      | Reached skill level 6 in Fighting
  7209 | D:7      | 7209 ||| Stepping ~*~*~tactically~*~*~ (hiding).
  7345 | D:7      | Reached skill level 10 in Axes
  7451 | D:7      | 7451 ||| Stepping ~*~*~tactically~*~*~ (stealth).
  7452 | D:7      | 7452 ||| Stepping ~*~*~tactically~*~*~ (hiding).
  7531 | D:7      | 7531 ||| Stepping ~*~*~tactically~*~*~ (water).
  7793 | D:7      | 7793 ||| Stepping ~*~*~tactically~*~*~ (hiding).
  7815 | D:7      | 7815 ||| INVOKING Fiery Armour.
  8185 | D:7      | 8185 ||| READING 5 scrolls of identify.
  8185 | D:7      | 8185 ||| IDENTIFYING purple potion
  8186 | D:7      | 8186 ||| DROPPING potion of invisibility.
  8236 | D:6      | 8236 ||| Stepping randomly (stuck).
  8389 | D:6      | Reached XP level 10. HP: 71/73 MP: 11/11
  8434 | D:8      | 8434 ||| STAIRDANCE
  8546 | D:8      | 8546 ||| STAIRDANCE
  8759 | D:8      | Noticed Joseph
  8773 | D:8      | Killed Joseph
  8774 | D:8      | Reached skill level 11 in Axes
  8932 | D:8      | Noticed Maggie
  8947 | D:8      | Killed Maggie
  9474 | D:8      | Found Veho's Assorted Antiques.
  9482 | D:8      | 9482 ||| BUYING 2 potions of curing (174 gold).
  9482 | D:8      | Bought 2 potions of curing for 174 gold pieces
  9482 | D:8      | 9482 ||| BUYING runed ring mail (203 gold).
  9482 | D:8      | Bought a runed ring mail for 203 gold pieces
  9482 | D:8      | 9482 ||| BUYING scroll of identify (58 gold).
  9482 | D:8      | Bought a scroll of identify for 58 gold pieces
  9532 | D:8      | Noticed Psyche
  9542 | D:8      | Killed Psyche
  9648 | D:8      | Reached skill level 6 in Shields
  9674 | D:8      | 9674 ||| INVOKING Fiery Armour.
  9734 | D:8      | Reached skill level 12 in Axes
  9734 | D:8      | Reached XP level 11. HP: 87/87 MP: 12/12
  9753 | D:8      | Reached skill level 6 in Armour
  9925 | D:8      | Found a stormy altar of Qazlal.
  9948 | D:8      | Found a shadowy altar of Dithmenos.
  9951 | D:8      | Found a runed translucent door.
  9962 | D:8      | Reached skill level 13 in Axes
  9962 | D:8      | Found a bloodstained altar of Trog.
  9969 | D:8      | Found a sacrificial altar of Ru.
  9979 | D:8      | Noticed a flayed ghost
 10123 | D:8      | Found an opulent altar of Gozag.
 10166 | D:8      | Found a shimmering altar of Xom.
 10167 | D:8      | 10167 ||| INVOKING Fiery Armour.
 10173 | D:8      | Reached skill level 9 in Fighting
 10247 | D:8      | 10247 ||| DROPPING +0 ring mail of cold resistance.
 10248 | D:8      | 10248 ||| UPGRADING to amulet of reflection.
 10253 | D:8      | 10253 ||| READING scroll labelled VEEPTI AG QYPT.
 10254 | D:8      | 10254 ||| READING 5 scrolls of identify.
 10254 | D:8      | 10254 ||| IDENTIFYING fuming blue potion
 10255 | D:8      | 10255 ||| DROPPING potion of magic.
 10351 | D:9      | 10351 ||| INVOKING Fiery Armour.
 10353 | D:9      | HP: 17/89 [orc warrior/+4 halberd of protection (7)]
 10354 | D:9      | 10354 ||| DRINKING 5 potions of heal wounds.
 10648 | D:9      | 10648 ||| INVOKING Fiery Armour.
 10650 | D:9      | Noticed a centaur warrior
 10653 | D:9      | Noticed a two-headed ogre
 10665 | D:9      | Killed a centaur warrior
 10667 | D:9      | Killed a two-headed ogre
 10670 | D:9      | HP: 16/89 [yak[a boggart] (9)]
 10671 | D:9      | 10671 ||| DRINKING 4 potions of heal wounds.
 10673 | D:9      | Noticed a two-headed ogre
 10673 | D:9      | 10673 ||| DRINKING 3 potions of heal wounds.
 10674 | D:9      | 10674 ||| DRINKING 2 potions of heal wounds.
 10680 | D:9      | Reached skill level 14 in Axes
 10690 | D:9      | Reached XP level 12. HP: 61/95 MP: 13/13
 10703 | D:9      | Noticed a sea snake
 10714 | D:9      | 10714 ||| DRINKING 4 potions of curing.
 10714 | D:9      | 10714 ||| (to cure bad poison)
 10717 | D:9      | a sea snake changed into a shining eye
 10738 | D:9      | 10738 ||| SWAPPING to +1 battleaxe of freezing.
 10739 | D:9      | 10739 ||| DROPPING +0 vampiric war axe.
 10753 | D:9      | 10753 ||| Stepping ~*~*~tactically~*~*~ (stealth).
 10817 | D:9      | Noticed a two-headed ogre
 10838 | D:9      | 10838 ||| INVOKING Fiery Armour.
 10840 | D:9      | Killed a two-headed ogre
 10861 | D:9      | Noticed a boulder beetle
 11096 | D:9      | 11096 ||| DROPPING +0 swamp dragon scales.
 11097 | D:9      | 11097 ||| UPGRADING to +0 plate armour.
 11107 | D:9      | 11107 ||| DROPPING +0 chain mail.
 11108 | D:9      | 11108 ||| READING 4 scrolls of identify.
 11108 | D:9      | 11108 ||| IDENTIFYING murky white potion
 11109 | D:9      | 11109 ||| Stepping randomly (stuck).
 11111 | D:9      | 11111 ||| Stepping randomly (stuck).
 11113 | D:9      | 11113 ||| Stepping randomly (stuck).
 11118 | D:9      | 11118 ||| Stepping randomly (stuck).
 11119 | D:9      | 11119 ||| Stepping randomly (stuck).
 11120 | D:9      | 11120 ||| Stepping randomly (stuck).
 11121 | D:9      | 11121 ||| Stepping randomly (stuck).
 11122 | D:9      | 11122 ||| Stepping randomly (stuck).
 11160 | D:9      | 11160 ||| INVOKING Fiery Armour.
 11174 | D:9      | Killed a boulder beetle
 11494 | D:9      | 11494 ||| Stepping ~*~*~tactically~*~*~ (stealth).
 11504 | D:9      | 11504 ||| Stepping ~*~*~tactically~*~*~ (hiding).
 11508 | D:9      | 11508 ||| DRINKING 3 potions of curing.
 11508 | D:9      | 11508 ||| (to cure confusion)
 11707 | D:9      | 11707 ||| UPGRADING to +2 plate armour of poison
                  | resistance.
 11717 | D:9      | 11717 ||| REMOVING ring of poison resistance.
 11718 | D:9      | 11718 ||| DROPPING +0 plate armour.
 11719 | D:9      | 11719 ||| UPGRADING to ring of positive energy.
 11720 | D:9      | 11720 ||| UPGRADING to ring of resist corrosion.
 11731 | D:9      | 11731 ||| Stepping ~*~*~tactically~*~*~ (stealth).
 11772 | D:10     | Entered Level 10 of the Dungeon
 11776 | D:10     | 11776 ||| STAIRDANCE
 11783 | D:10     | 11783 ||| STAIRDANCE
 11792 | D:10     | 11792 ||| STAIRDANCE
 11797 | D:9      | 11797 ||| INVOKING Fiery Armour.
 11997 | D:10     | 11997 ||| PLANNING TEMPLE
 12019 | D:9      | Noticed a five-headed hydra
 12020 | D:9      | 12020 ||| Stepping ~*~*~tactically~*~*~ (stealth).
 12025 | D:9      | 12025 ||| SWAPPING to +4 hand axe of flaming.
 12033 | D:9      | Killed a one-headed hydra
 12034 | D:9      | 12034 ||| SWAPPING to +1 battleaxe of freezing.
 12152 | Temple   | Entered the Ecumenical Temple
 12158 | Temple   | 12158 ||| PLANNING CONVERSION TO OKAWARU
 12165 | Temple   | Fell from the grace of Ignis
 12165 | Temple   | Became a worshipper of Warmaster Okawaru
 12166 | Temple   | 12166 ||| PLANNING D:1-11
 12291 | D:10     | Identified the +1 leather armour "Olubbimu" {Regen+ Str+4}
 12312 | D:10     | 12312 ||| Stepping ~*~*~tactically~*~*~ (stealth).
 12320 | D:10     | Noticed Josephine
 12324 | D:10     | Reached skill level 15 in Axes
 12333 | D:10     | Killed Josephine
 12333 | D:10     | Reached * piety under Okawaru
 12334 | D:10     | Reached skill level 9 in Armour
 12334 | D:10     | 12334 ||| INVOKING Heroism.
 12353 | D:10     | 12353 ||| INVOKING Heroism.
 12354 | D:10     | 12354 ||| INVOKING Heroism.
 12639 | D:10     | Noticed a two-headed ogre
 12646 | D:10     | Killed a two-headed ogre
 12660 | D:10     | Identified the +11 spear of Dust {vorpal, rF+ rC+}
 12706 | D:10     | 12706 ||| INVOKING Heroism.
 12818 | D:10     | Reached skill level 1 in Invocations
 12860 | D:10     | 12860 ||| Stepping ~*~*~tactically~*~*~ (stealth).
 12863 | D:10     | 12863 ||| INVOKING Heroism.
 12873 | D:10     | Reached XP level 13. HP: 90/104 MP: 12/14
 13090 | D:11     | Noticed a centaur warrior
 13090 | D:11     | Noticed a centaur warrior
 13091 | D:11     | 13091 ||| INVOKING Heroism.
 13097 | D:11     | Killed a centaur warrior
 13098 | D:11     | Reached skill level 3 in Invocations
 13100 | D:11     | Killed a centaur warrior
 13106 | D:11     | 13106 ||| INVOKING Heroism.
 13124 | D:11     | Reached ** piety under Okawaru
 13125 | D:11     | 13125 ||| FLEEEEING.
 13129 | D:11     | 13129 ||| INVOKING Heroism.
 13134 | D:11     | HP: 23/104 [poisoned by a green ugly thing]
 13135 | D:11     | 13135 ||| DRINKING 6 potions of heal wounds.
 13139 | D:11     | HP: 23/104 [poisoned by a green ugly thing]
 13144 | D:11     | HP: 18/104 [poisoned by a green ugly thing]
 13695 | D:11     | Identified the ring of Xom's Fair Game {Wiz rF+ rCorr}
 13710 | D:11     | 13710 ||| INVOKING Heroism.
 13930 | D:11     | Found a staircase to the Lair.
 13932 | D:11     | 13932 ||| INVOKING Heroism.
 13947 | D:11     | 13947 ||| INVOKING Heroism.
 14020 | D:11     | 14020 ||| Stepping ~*~*~tactically~*~*~ (hiding).
 14037 | D:11     | 14037 ||| Stepping ~*~*~tactically~*~*~ (stealth).
 14122 | D:11     | You fall into a shaft and drop 3 floors!
 14180 | D:14     | 14180 ||| UPGRADING to ring of Xom's Fair Game {Wiz rF+
                  | rCorr}.
 14182 | D:14     | 14182 ||| DROPPING ring of resist corrosion.
 14183 | D:14     | 14183 ||| READING scroll labelled TEKUWU VUGA.
 14284 | D:14     | 14284 ||| READING scroll labelled DOTEFI HAGH.
 14337 | D:14     | You fall into a shaft and drop 1 floor!
 14337 | D:15     | Entered Level 15 of the Dungeon
 14348 | D:15     | 14348 ||| INVOKING Heroism.
 14488 | D:15     | Noticed an ogre mage
 14489 | D:15     | 14489 ||| Stepping ~*~*~tactically~*~*~ (stealth).
 14491 | D:15     | Was forgiven by Ignis
 14516 | D:15     | 14516 ||| INVOKING Heroism.
 14524 | D:15     | Reached skill level 16 in Axes
 14526 | D:15     | Killed an ogre mage
 14527 | D:15     | Reached skill level 3 in Dodging
 14783 | D:15     | 14783 ||| INVOKING Heroism.
 14794 | D:15     | Reached *** piety under Okawaru
 14797 | D:15     | 14797 ||| INVOKING Heroism.
 15022 | D:15     | Noticed an ettin
 15023 | D:15     | 15023 ||| Stepping ~*~*~tactically~*~*~ (stealth).
 15024 | D:15     | 15024 ||| INVOKING Heroism.
 15032 | D:15     | Slain by an ettin

Levels and vault maps discovered:
D:1:      evilmike_arrival_hilbert_curve, layout_basic
D:2:      layout_basic, shapermc_ecumenical_altar_flowoftime, feat_on_display,
          uniq_robin
D:3:      layout_rooms
D:4:      layout_loops_corners, grunt_temple_overflow_diamond, serial_glass,
          glass_columns_c, glass_columns_c, glass_columns_c, glass_columns_c,
          st_stairs_5, minmay_circle_x
D:5:      layout_basic
D:6:      layout_cave_pods, minmay_temple_entry_from_below_b
D:7:      layout_basic, enter_bailey_4
D:8:      due_megacathedral, layout_basic, serial_shops, shop, uniq_joseph,
          uniq_maggie, uniq_psyche
D:9:      minmay_cut_squares, layout_irregular_city, grunt_decor_mini_mirrors,
          grunt_tough_drop
D:10:     layout_gridville, uniq_josephine
D:11:     layout_roguey, david_lair_shrubbed, grunt_ministairs_14,
          chequers_serial_rivers_micro_c, kb_rosetta
D:14:     layout_long_grid, ximxim_vaults_locker_room, nrook_mini_vaults
D:15:     hangedman_depths_entry_civil_slaughter, layout_gridville,
          nicolae_gozag_cash_rules_everything_around_me
Temple:   compressed_dpeg_triangle_lava_temple

Skill      XL: |  1  2  3  4  5  6  7  8  9 10 11 12 13 |
---------------+----------------------------------------+-----
Axes           | 4 5 6 7 8 10 12 14 15 16 | 16.0
Armour         | 1 2 3 4 5 6 9 |  9.3
Dodging        | 1 2 3 |  3.1
Fighting       | 4 5 7 8 9 10 11 | 11.1
Shields        | 3 4 5 6 7 8 |  8.9
Throwing       | 1 |  1.4
Invocations    | 2 4 |  4.3
Spellcasting   | |  1.1
Fire Magic     | |  3.0

Action                   |  1- 3 |  4- 6 |  7- 9 | 10-12 | 13-15 || total
-------------------------+-------+-------+-------+-------+-------++-------
Melee: Hand axe          |    99 |   133 |    99 |     7 |       ||   338
       Punch             |       |       |     1 |       |       ||     1
       War axe           |       |       |   209 |   394 |       ||   603
       Battleaxe         |       |       |       |   137 |   111 ||   248
Throw: Boomerang         |       |       |    48 |     3 |       ||    51
Invok: Fiery Armour      |     1 |     2 |     3 |     7 |       ||    13
       Heroism           |       |       |       |     4 |    11 ||    15
  Use: Scroll            |     7 |     6 |     8 |     3 |     2 ||    26
       Potion            |       |     5 |     1 |     6 |     1 ||    13
Armor: Robe              |    16 |       |       |       |       ||    16
       Scale mail        |    11 |    46 |       |       |       ||    57
       Chain mail        |       |     4 |   158 |   244 |       ||   406
       Plate armour      |       |       |       |    58 |    38 ||    96
Dodge: Dodged            |    53 |    51 |   129 |   211 |    25 ||   469
Block: Buckler           |       |       |    57 |   206 |    37 ||   300
       Reflection        |       |       |       |     9 |     6 ||    15

Table legend:
 A = Non-vault XP
 B = Vault XP
 C = Vault XP percentage of total XP
 D = Non-vault monster count
 E = Vault monster count
 F = Vault count percentage of total count
                 A         B        C        D         E       F
            +---------+---------+-------+---------+---------+-------
      Total |   24387 |   14199 |  36.8 |     347 |      58 |  14.3
            +---------+---------+-------+---------+---------+-------
        D:1 |      52 |       0 |   0.0 |      26 |       0 |   0.0
        D:2 |      84 |      34 |  28.8 |      17 |      11 |  39.3
        D:3 |     273 |       0 |   0.0 |      33 |       0 |   0.0
        D:4 |     336 |      86 |  20.4 |      17 |       7 |  29.2
        D:5 |     618 |       0 |   0.0 |      17 |       0 |   0.0
        D:6 |     860 |       0 |   0.0 |      22 |       0 |   0.0
        D:7 |    1738 |      10 |   0.6 |      30 |       5 |  14.3
        D:8 |    4926 |    2274 |  31.6 |     101 |       8 |   7.3
        D:9 |    5966 |    5630 |  48.6 |      47 |      15 |  24.2
       D:10 |    2584 |    1536 |  37.3 |      21 |       4 |  16.0
       D:11 |    1422 |    3877 |  73.2 |       6 |       7 |  53.8
       D:15 |    5528 |     752 |  12.0 |      10 |       1 |   9.1
            +---------+---------+-------+---------+---------+-------
